 Dungeon Crawl Stone Soup version 0.31-a0-986-g5e6e4ef867 (webtiles) character file.

Game seed: 11166755777048924579

366 wildpjah the Slasher (level 6, -5/37 HPs)
             Began as a Tengu Gladiator on Nov 20, 2023.
             Slain by a gnoll
             ... wielding a +0 spear
              (7 damage)
             ... on level 3 of the Dungeon.
             The game lasted 00:03:52 (2207 turns).

wildpjah the Slasher (Tengu Gladiator)              Turns: 2207, Time: 00:03:53

Health: -5/37      AC:  3    Str: 14    XL:     6   Next: 68%
Magic:  7/7        EV: 14    Int:  8    God:
Gold:   125        SH:  0    Dex: 18    Spells: 5/5 levels left

rFire   . . .        a - +0 long sword
rCold   . . .        (no shield)
rNeg    . . .        b - +0 leather armour
rPois   .            c - +0 hat
rElec   .            (no cloak)
rCorr   .            (no gloves)
SInv    .            (boots unavailable)
Will    .....        (no amulet)
Stlth   ++           (no ring)
HPRegen 0.26/turn    (no ring)
MPRegen 0.10/turn

%: acrobat
@: no status effects
A: beak, talons 3, acrobatic
a: no special abilities


You were on level 3 of the Dungeon.
You visited 1 branch of the dungeon, and saw 4 of its levels.

You collected 125 gold pieces.

Inventory:

Hand Weapons
 a - a +0 long sword (weapon)
Missiles
 e - a javelin
Armour
 b - a +0 leather armour (worn)
 c - a +0 hat (worn)
Jewellery
 f - a +6 ring of intelligence
 n - an amulet of regeneration
Wands
 s - a wand of flame (23)
Scrolls
 g - a scroll of butterflies {unknown}
 h - a scroll of poison {unknown}
 i - a scroll of teleportation {unknown}
 l - a scroll of identify {unknown}
 m - a scroll of fear {unknown}
 q - a scroll of silence {unknown}
Potions
 j - a potion of haste {unknown}
 k - a potion of magic {unknown}
 o - a potion of berserk rage {unknown}
 p - 2 potions of enlightenment {unknown}
 r - 3 potions of brilliance {unknown}
 t - a potion of cancellation {unknown}


   Skills:
 + Level 3.0 Fighting
 + Level 6.0 Long Blades
 + Level 2.5 Throwing
 + Level 1.9 Armour
 + Level 4.4 Dodging
 + Level 0.9 Stealth


You had 5 spell levels left.
You didn't know any spells.
Your spell library contained the following spells:

 Spells                   Type           Power      Damage    Failure   Level
 Lesser Beckoning         Tloc           0%         N/A       63%         2
 Gell's Gravitas          Tloc           0%         N/A       85%         3
 Teleport Other           Tloc           0%         N/A       85%         3


Dungeon Overview and Level Annotations

Branches:
Dungeon (4/15)
 Temple: D:4-7

Altars:

Annotations:
D:4 Dowan, Duvessa


Innate Abilities, Weirdness & Mutations

You have a beak for a mouth.
You have claws for feet.
You can magically evade attacks while moving or waiting.


Message History

The gnoll shouts!
The gnoll hits you from afar with a +0 spear!
You shred the net and break free!
The gnoll hits you from afar with a +0 spear.
The gnoll completely misses you.
There is a stone staircase leading up here.
The gnoll misses you. The gnoll hits you with a +0 flail!
You climb upwards.
There is a stone staircase leading down here.
You hit the gnoll.
The gnoll is moderately wounded.
The gnoll hits you with a +0 spear. The gnoll hits you with a +0 flail!
* * * LOW HITPOINT WARNING * * *
Press: ? - help, v - describe, . - travel
Here: a gnoll, wielding a +0 spear The floor.
Press: ? - help, v - describe, . - travel
Here: a gnoll, wielding a +0 flail and quivering 2 throwing nets (moderately wounded)
The floor.
Throw: 2 throwing nets
Press: ? - help, Q - select action, (/) - cycle Shift-Dir - straight line, f - gnoll
Aim: a gnoll, wielding a +0 flail and quivering 2 throwing nets (moderately wounded, 64% to hit)
You throw a throwing net. The throwing net hits the gnoll.
The gnoll is caught in the net!
The gnoll is moderately wounded.
The gnoll hits you with a +0 spear!
* * * LOW HITPOINT WARNING * * *
The gnoll struggles against the net.
Throw: throwing net
Press: ? - help, Q - select action, (/) - cycle Shift-Dir - straight line, f - gnoll, p - gnoll
Aim: a gnoll, wielding a +0 spear (64% to hit)
You throw a throwing net.
The throwing net barely misses the gnoll.
The gnoll misses you.
The gnoll struggles against the net.
You barely miss the gnoll. The gnoll misses you.
The gnoll struggles against the net.
You closely miss the gnoll. You claw the gnoll.
The gnoll is heavily wounded.
The gnoll hits you with a +0 spear!
You die...

#..........#.....### #.
#......#.#.#...#...####.
#....................###
######...............#
#.........##.........###
#..........<............
#.####..#....####'####..
#.# ##.......#≈§≈.≈≈≈#..
#.# #..@#.####≈§....≈#..
#.# ###gg....#≈.###.§#..
#.# #.###.##≈.# #.≈##.
#.# #.###.##≈.###.§#..
#.# #......#≈.....§###
#^# #.###.##≈≈≈†≈≈≈#
##.#####.###.#####'#####
#.......(......###...#.##
#.######.....#.......#...


You could see 2 gnolls.

Vanquished Creatures
  Grinder (D:3)
  A scorpion (D:2)
  Ijyb (D:3)
  2 adders
  2 worms (D:2)
  2 dart slugs (D:1)
  An orc (D:4)
  7 ball pythons
  6 endoplasms
  4 giant cockroaches
  3 goblins
  A hobgoblin (D:1)
  2 jackals (D:2)
  6 quokkas
  3 bats
  4 frilled lizards (D:1)
  5 kobolds
  5 rats
56 creatures vanquished.

Notes
Turn   | Place    | Note
-------+----------+-------------------------------------------
     0 | D:1      | wildpjah the Tengu Gladiator began the quest for the Orb.
     0 | D:1      | Reached XP level 1. HP: 12/12 MP: 2/2
    79 | D:1      | Reached XP level 2. HP: 17/17 MP: 3/3
   487 | D:2      | Reached XP level 3. HP: 21/21 MP: 4/4
   524 | D:2      | Noticed a scorpion
   542 | D:2      | Killed a scorpion
   543 | D:2      | Reached skill level 4 in Long Blades
   543 | D:2      | Reached XP level 4. HP: 13/26 MP: 5/5
  1056 | D:2      | Reached XP level 5. HP: 29/31 MP: 6/6
  1254 | D:3      | Noticed Ijyb
  1311 | D:3      | Noticed Grinder
  1318 | D:3      | Paralysed by Grinder for 2 turns
  1332 | D:3      | Paralysed by Grinder for 4 turns
  1340 | D:3      | Killed Grinder
  1341 | D:3      | Reached skill level 5 in Long Blades
  1341 | D:3      | Reached skill level 1 in Armour
  1341 | D:3      | Reached XP level 6. HP: 4/37 MP: 7/7
  1574 | D:3      | Killed Ijyb
  1575 | D:3      | Reached skill level 6 in Long Blades
  2133 | D:4      | Noticed Duvessa
  2133 | D:4      | Noticed Dowan
  2207 | D:3      | Slain by a gnoll

Illustrated notes

Levels and vault maps discovered:
D:1:      minmay_arrival_wavy_path, layout_basic, minmay_lizard_pond
D:2:      layout_basic, grunt_ministairs_11
D:3:      layout_basic, kennysheep_generic_room_11, uniq_ijyb, uniq_grinder
D:4:      layout_cave_pools, nicolae_overflow_squiral, jmf_multi_god_temple,
          minmay_temple_entry_purple_smoke, minmay_misc_feat_ornament,
          chequers_serial_rivers_large_a, kennysheep_cross_room,
          feat_on_display, uniq_duvessa, uniq_natasha

Skill      XL: |  1  2  3  4  5  6 |
---------------+-------------------+-----
Long Blades    | 4 5 6 |  6.0
Dodging        | 4 |  4.4
Fighting       | 3 |  3.0
Armour         | 1 |  1.9
Throwing       | |  2.5
Stealth        | |  0.9

Action                     |  1- 3 |  4- 6 || total
---------------------------+-------+-------++-------
  Melee: Long sword        |    54 |    80 ||   134
         Kick              |    12 |    24 ||    36
         Peck              |     9 |     8 ||    17
  Throw: Throwing net      |     1 |     6 ||     7
   Stab: Held in net/web   |     1 |     1 ||     2
         Sleeping          |       |     1 ||     1
 Armour: Leather armour    |    30 |    30 ||    60
  Dodge: Dodged            |    34 |    62 ||    96

Table legend: (Time is in decaauts)
 A = Elapsed time spent in this place.
 B = Non-inter-level travel time spent in this place.
 C = Inter-level travel time spent in this place.
 D = Time resting spent in this place.
 E = Time spent auto-exploring this place.
 F = Levels seen in this place.
 G = Mean time per level.
                   A        B        C        D        E       F      G
               +--------+--------+--------+--------+--------+-----+--------+
         Total |   2229 |   2095 |    134 |      0 |   1680 |   4 |  557.2 |
       Dungeon |   2229 |   2095 |    134 |      0 |   1680 |   4 |  557.2 |
               +--------+--------+--------+--------+--------+-----+--------+

Top non-repeatable levels by time:
     D:3: 881 daAuts
     D:2: 824 daAuts
     D:1: 486 daAuts
     D:4: 38 daAuts
